 Dungeon Crawl Stone Soup version 0.21-a0-286-g6fcecc0 (webtiles) character file.

162 GordonOverkill the Poker (level 5, -1/44 HPs)
             Began as a Gnoll Monk on Sept 26, 2017.
             Slain by an orc priest
             ... wielding a +0 whip
              (3 damage)
             ... on level 3 of the Dungeon.
             The game lasted 00:04:17 (3856 turns).

GordonOverkill the Poker (Gnoll Monk)               Turns: 3856, Time: 00:04:17

Health: -1/44      AC:  6    Str:  7    XL:     5   Next: 43%
Magic:  5/5        EV:  8    Int:  7    God:
Gold:   128        SH:  0    Dex:  7    Spells: 4/4 levels left

rFire    . . .     SeeInvis .   k - +0 halberd
rCold    + . .     Gourm    .   (shield currently unavailable)
rNeg     . . .     Faith    .   g - +0 scale mail
rPois    .         Spirit   .   (no helmet)
rElec    .         Reflect  .   (no cloak)
rCorr    .         Harm     .   (no gloves)
MR       .....                  (no boots)
Stlth    +.........             (no amulet)
HPRegen  0.14/turn              b - ring of protection from cold
MPRegen  0.09/turn              p - ring of stealth

@: no status effects
A: unchanging attributes, fangs 1, strong nose
a: no special abilities


You were on level 3 of the Dungeon.
You were not hungry.

You visited 1 branch of the dungeon, and saw 3 of its levels.

You collected 128 gold pieces.

Inventory:

Hand Weapons
 k - a +0 halberd (weapon)
Armour
 g - a +0 scale mail (worn)
Jewellery
 b - a ring of protection from cold (left hand)
 p - a ring of stealth (right hand)
Scrolls
 d - 7 scrolls of identify {unknown}
 h - a scroll of remove curse {unknown}
 i - a scroll of fear {unknown}
 n - a scroll of immolation {unknown}
 q - a scroll of recharging {unknown}
Potions
 e - a potion of flight {unknown}
 f - a potion of brilliance {unknown}
 j - 2 potions of mutation {unknown}
 l - a potion of curing {unknown}
 o - a potion of cancellation {unknown}
Comestibles
 a - 3 chunks of flesh
 c - 4 bread rations
 m - 2 meat rations


   Skills:
 - Level 5.1 Fighting
 + Level 5.3 Polearms
 - Level 3.0 Armour
 - Level 5.2 Dodging
 - Level 2.4 Stealth


You had 4 spell levels left.
You didn't know any spells.

Dungeon Overview and Level Annotations

Branches:
Dungeon (3/15)

Altars:
The Shining One


Innate Abilities, Weirdness & Mutations

Your physical attributes are unchanging.
You have very sharp teeth.
Your uncanny sense of smell can sniff out nearby items.


Message History

The orc priest casts a cantrip, but nothing happens.
Your scale mail prevents you from hitting the orc priest.
The orc priest is severely wounded.
The orc priest invokes the aid of Beogh against you.
Pain shoots through your body!
* * * LOW HITPOINT WARNING * * *
The orc priest barely misses you.
You hit the orc priest but do no damage.
Your bite misses the orc priest.
The orc priest is severely wounded.
The orc priest closely misses you.
You hit the orc priest.
The orc priest is almost dead.
The orc priest invokes the aid of Beogh against you.
Beogh smites you!
* * * LOW HITPOINT WARNING * * *
You barely miss the orc priest.
The orc priest is almost dead.
The orc priest hits you with a whip.
You die...

#...........#
# #.......o# #
#.## # #..# #
##.# # #.# #
#.# # #o#
..##### #@#
#.....# #.#
#.. #.# )# ###
#.# .# ##. #.#
##. #.. #.#
#.. #.# #.#
#)#######.#
#.#
#.#........
#.#
####..(#####.#


You could see an orc priest.

Vanquished Creatures
  A crimson imp (D:3)
  4 gnolls
  An adder (D:3)
  2 oozes (D:3)
  A worm (D:3)
  4 leopard geckos
  5 orcs (D:3)
  5 bats
  3 giant cockroaches
  10 hobgoblins
  4 jackals (D:1)
  2 quokkas
  4 frilled lizards
  4 goblins
  4 kobolds
  7 rats
61 creatures vanquished.

Notes
Turn   | Place    | Note
-------+----------+-------------------------------------------
     0 | D:1      | GordonOverkill the Gnoll Monk began the quest for the Orb.
     0 | D:1      | Reached XP level 1. HP: 19/19 MP: 1/1
   152 | D:1      | Reached skill level 1 in Armour
   179 | D:1      | Reached XP level 2. HP: 16/25 MP: 2/2
  1432 | D:2      | Reached XP level 3. HP: 25/31 MP: 3/3
  1756 | D:2      | Found a faded altar of an unknown god.
  2485 | D:3      | Found a glowing golden altar of the Shining One.
  2725 | D:3      | Reached XP level 4. HP: 35/38 MP: 4/4
  2745 | D:2      | Reached skill level 5 in Dodging
  3014 | D:2      | Reached skill level 5 in Fighting
  3225 | D:3      | Reached XP level 5. HP: 41/44 MP: 5/5
  3357 | D:3      | Reached skill level 5 in Polearms
  3855 | D:3      | HP: 2/44 [orc priest/divine providence (11)]
  3856 | D:3      | Slain by an orc priest

Vault maps used:
D:1:      lightli_arrival_farm, fountainhead
D:2:      chequers_ecumenical_altar_simple_redux, first_bread,
          kennysheep_generic_room_10
D:3:      tso_metal_star

Skill      XL: |  1  2  3  4  5 |
---------------+----------------+-----
Armour         | 1 2 3 |  3.0
Dodging        | 5 |  5.2
Fighting       | 5 |  5.1
Polearms       | 5 |  5.3
Stealth        | |  2.4

Action                   |  1- 3 |  4- 6 || total
-------------------------+-------+-------++-------
Melee: Spear             |   260 |    23 ||   283
       Bite              |    11 |     8 ||    19
       Halberd           |       |   113 ||   113
 Stab: Sleeping          |     1 |       ||     1
  Eat: Chunk             |     5 |     3 ||     8
       Royal jelly       |       |     1 ||     1
Armor: Robe              |    15 |       ||    15
       Chain mail        |    40 |       ||    40
       Ring mail         |    34 |    12 ||    46
       Scale mail        |       |    17 ||    17
Dodge: Dodged            |   121 |    51 ||   172

Table legend:
 A = Spawn XP
 B = Non-spawn XP
 C = Spawn XP percentage of total XP
 D = Spawn monster count
 E = Non-spawn monster count
 F = Spawn count percentage of total count
 G = Total turns spent on level
                    A         B        C        D         E        F      G
               +---------+---------+-------+---------+---------+-------+---------
         Total |       0 |     232 |   0.0 |       0 |      61 |   0.0 |  3856
               +---------+---------+-------+---------+---------+-------+---------
           D:1 |       0 |      31 |   0.0 |       0 |      18 |   0.0 |  1421
           D:2 |       0 |      69 |   0.0 |       0 |      19 |   0.0 |  1432
           D:3 |       0 |     132 |   0.0 |       0 |      24 |   0.0 |  1003
               +---------+---------+-------+---------+---------+-------+---------
